 Dungeon Crawl Stone Soup version 0.30.0-5-g1a98f26d00 (webtiles) character file.

Game seed: 11082503979781089591

2544 Foic the Shield-Bearer (level 9, -3/87 HPs)
             Began as a Troll Fighter on May 8, 2023.
             Was a High Priest of Okawaru.
             Slain by Duvessa
             ... wielding a +0 short sword
              (16 damage)
             ... on level 7 of the Dungeon.
             The game lasted 00:27:29 (5456 turns).

Foic the Shield-Bearer (Troll Fighter)              Turns: 5456, Time: 00:27:30

Health: -3/87      AC:  4    Str: 28    XL:     9   Next: 30%
Magic:  19/19      EV: 10    Int:  7    God:    Okawaru [*****.]
Gold:   337        SH:  9    Dex: 11    Spells: 8/8 levels left

rFire   . .          .
                       - Unarmed
rCold   . . .        b - +0 kite shield
rNeg    . . .        a - +0 robe
rPois   .            (helmet restricted)
rElec   .            m - scarf {repulsion}
rCorr   +            (gloves unavailable)
SInv    .            (boots unavailable)
Will    +....        w - amulet "Vonkong" {Faith Drain rCorr Int+3}
Stlth   +            n - ring of willpower
HPRegen 1.14/turn    E - ring of magical power
MPRegen 0.16/turn

%: repel missiles, faith
@: flying
A: large, unfitting armour, claws 3, regeneration 1, shaggy fur 1, tough skin 1
a: Renounce Religion, Heroism, Finesse, Duel


You were on level 7 of the Dungeon.
You worshipped Okawaru.
Okawaru was extremely pleased with you.
You visited 2 branches of the dungeon, and saw 8 of its levels.
You also visited: Ossuary.

You collected 337 gold pieces.

Inventory:

Missiles
 g - 3 boomerangs (quivered)
 k - 7 stones
 l - 5 poisoned darts
 s - 2 javelins
 F - 2 atropa-tipped darts
 H - 2 throwing nets
Armour
 a - a +0 robe (worn)
 b - a +0 kite shield (worn)
 m - a scarf of repulsion (worn)
 o - a scarf of invisibility
 q - a +0 cloak
Magical Staves
 e - a staff of death
Jewellery
 n - a ring of willpower (left claw)
 w - the amulet "Vonkong" (around neck) {Faith Drain rCorr Int+3}
   (You found it on level 3 of the Dungeon)

   [amulet of faith]

   It allows you to gain divine favour quickly.
   Int:       It affects your intelligence (+3).
   rCorr:     It protects you from acid and corrosion.
   Drain:     It drains your maximum health when unequipped.
 E - a ring of magical power (right claw)
 I - a ring of protection from fire
Wands
 y - a wand of flame (27)
Scrolls
 d - 5 scrolls of teleportation
 f - 2 scrolls of poison {unknown}
 i - a scroll of summoning {unknown}
 p - 11 scrolls of identify {unknown}
 r - a scroll of enchant armour {unknown}
 t - a scroll of amnesia {unknown}
 u - 2 scrolls of fear {unknown}
 v - 2 scrolls of enchant weapon {unknown}
 x - a scroll of blinking {unknown}
Potions
 c - a potion of might
 h - a potion of flight
 j - 3 potions of curing
 z - 8 potions of heal wounds {unknown}
 A - 2 potions of degeneration {unknown}
 B - a potion of invisibility {unknown}
 C - a potion of haste
 D - a potion of brilliance
 G - a potion of magic {unknown}
 J - a potion of attraction


   Skills:
 + Level 4.9 Fighting
 + Level 2.3 Throwing
 + Level 4.9 Dodging
 * Level 7.3 Shields
 + Level 5.6 Unarmed Combat
 + Level 3.1 Invocations


You had 8 spell levels left.
You didn't know any spells.
Your spell library contained the following spells:

 Spells                   Type           Power      Damage    Failure   Level
 Slow                     Hex            0%         N/A       63%         1
 Confusing Touch          Hex            0%         N/A       94%         3
 Vampiric Draining        Necr           0%         2d6       94%         3
 Alistair's Intoxication  Tmut/Pois      0%         N/A       100%        5
 Borgnjor's Vile Clutch   Necr/Erth      0%         N/A       100%        5
 Eringya's Noxious Bog    Tmut/Pois      0%         N/A       100%        6


Dungeon Overview and Level Annotations

Branches:
Dungeon (7/15)             Temple (1/1) D:4         Ossuary (visited)

Altars:
Ashenzari
Dithmenos
Elyvilon
Fedhas
Gozag
Hepliaklqana
Kikubaaqudgha
Makhleb
Nemelex Xobeh
Okawaru
Ru
Sif Muna
Trog
Uskayaw
Vehumet
Wu Jian
Xom
Yredelemnul
Zin

Annotations:
D:7 Duvessa


Innate Abilities, Weirdness & Mutations

You are too large for most types of armour.
You have claws for hands.
Your natural rate of healing is unusually fast.
You are covered in fur. (AC +1)
You have tough skin. (AC +1)


Message History

You climb downwards.
Level annotation: Dowan, Duvessa Duvessa hits you with a +0 short sword!
There is a stone staircase leading up, spattered with blood here.
You closely miss Dowan.
Dowan is heavily wounded.
Dowan misses you. Duvessa closely misses you.
You closely miss Dowan.
Dowan is heavily wounded.
You block Dowan's attack. You block Duvessa's attack.
You mangle Dowan!!
You kill Dowan!
Okawaru accepts your kill.
Duvessa screams in rage.
Duvessa goes berserk!
Duvessa hits you with a +0 short sword! You block Duvessa's attack.
You claw Duvessa!
Duvessa is lightly wounded.
Duvessa hits you with a +0 short sword!
You scratch Duvessa but do no damage.
Duvessa is lightly wounded.
Duvessa barely misses you. Duvessa hits you with a +0 short sword.
You barely miss Duvessa.
Duvessa is lightly wounded.
You block Duvessa's attack.
You scratch Duvessa but do no damage.
Duvessa is lightly wounded.
Duvessa hits you with a +0 short sword!
You claw Duvessa!
Duvessa is heavily wounded.
Duvessa hits you with a +0 short sword! You block Duvessa's attack.
You scratch Duvessa but do no damage.
Duvessa is heavily wounded.
Duvessa hits you with a +0 short sword!!
* * * LOW HITPOINT WARNING * * *
It was a potion of flight.
You feel very buoyant.
You fly up into the air.
You block Duvessa's attack. Duvessa hits you with a +0 short sword!
You die...

.## ##. ...##.. ..
.......#....... #>.
..#...... ..>.# #...
......... ...# #....
........ #.## ###...#
.....!.. ##..###...#
.......# ##...e@...#
......?####..##)...##
#.....#....####....###
#..........#
#......######
#...........#
#..##........
##..........#
#..####......
#...#......## #..#
.#####
....##.......###..#
.##
#.......####..##..#..#


You could see Duvessa (berserk).

Vanquished Creatures
  Sigmund (D:6)
  Eustachio (D:5)
  4 yaks
  A water moccasin (D:6)
  An ice beast (D:5)
  2 black bears (D:6)
  2 phantoms
  2 elf zombies (Ossuary)
  2 scorpions
  Dowan (D:7)
  2 howler monkeys
  A human zombie (Ossuary)
  A jelly (D:4)
  2 orc priests
  3 hounds
  2 sleepcaps (D:5)
  Natasha (thrice) (D:3)
  2 iguanas
  2 orc wizards
  3 mummies (Ossuary)
  8 gnolls
  3 adders
  3 shadow imps
  A white imp (D:6)
  An ufetubus (D:4)
  3 adder zombies (Ossuary)
  A worm (D:5)
  5 dart slugs
  13 orcs
  9 endoplasms
  5 giant cockroaches
  6 goblins
  5 hobgoblins
  12 jackals
  2 kobolds
  A quokka (D:3)
  9 ball pythons
  4 bats
  2 frilled lizards
  5 goblin zombies (Ossuary)
  2 hobgoblin zombies (Ossuary)
  2 kobold zombies (Ossuary)
  2 quokka zombies (Ossuary)
  5 rats
  A rat zombie (Ossuary)
148 creatures vanquished.

Notes
Turn   | Place    | Note
-------+----------+-------------------------------------------
     0 | D:1      | Foic the Troll Fighter began the quest for the Orb.
     0 | D:1      | Reached XP level 1. HP: 22/22 MP: 0/0
   173 | D:1      | Reached XP level 2. HP: 29/29 MP: 1/1
   306 | D:1      | Reached skill level 3 in Shields
   978 | D:2      | Found a burning altar of Makhleb.
   982 | D:2      | Reached XP level 3. HP: 36/36 MP: 2/2
  1238 | D:3      | Found a faded altar of an unknown god.
  1248 | D:3      | Prayed at the altar of an unknown god.
  1248 | D:3      | Became a worshipper of Warmaster Okawaru
  1248 | D:3      | Reached * piety under Okawaru
  1341 | D:3      | Found a glowing silver altar of Zin.
  1456 | D:3      | Noticed Natasha
  1469 | D:3      | Killed Natasha
  1470 | D:3      | Reached XP level 4. HP: 26/44 MP: 3/3
  1705 | D:3      | Identified the amulet "Vonkong" {Faith Drain rCorr Int+3}
  1844 | D:3      | Noticed Natasha
  1887 | D:3      | Killed Natasha
  1888 | D:3      | Reached skill level 4 in Shields
  1888 | D:3      | Reached XP level 5. HP: 12/53 MP: 4/4
  2000 | D:3      | Noticed Natasha
  2006 | D:3      | Killed Natasha
  2006 | D:3      | Reached ** piety under Okawaru
  2352 | D:4      | Found a sand-covered staircase.
  2356 | Ossuary  | Entered an ossuary
  2372 | Ossuary  | Reached XP level 6. HP: 51/61 MP: 5/5
  2526 | Ossuary  | Reached *** piety under Okawaru
  2661 | D:4      | Reached skill level 5 in Shields
  2754 | D:4      | Identified the +6 quarterstaff of the Rattlesnake {speed,
                  | SInv}
  2769 | D:4      | Found a staircase to the Ecumenical Temple.
  2777 | D:4      | Reached XP level 7. HP: 67/67 MP: 6/6
  2810 | Temple   | Entered the Ecumenical Temple
  3150 | D:4      | Found a white marble altar of Elyvilon.
  3249 | D:4      | Noticed a yak
  3249 | D:4      | Noticed a yak
  3249 | D:4      | Noticed a yak
  3250 | D:4      | Noticed a yak
  3271 | D:3      | Killed a yak
  3346 | D:4      | Killed a yak
  3346 | D:4      | Received a gift from Okawaru
  3347 | D:4      | Reached skill level 1 in Invocations
  3356 | D:4      | Killed a yak
  3356 | D:4      | Reached **** piety under Okawaru
  3357 | D:4      | Reached skill level 6 in Shields
  3357 | D:4      | Reached XP level 8. HP: 36/78 MP: 8/8
  3784 | D:5      | Entered Level 5 of the Dungeon
  4061 | D:5      | Reached skill level 1 in Throwing
  4061 | D:5      | Reached skill level 5 in Unarmed Combat
  4610 | D:6      | Reached ***** piety under Okawaru
  4736 | D:6      | Noticed Sigmund
  4737 | D:6      | Noticed Eustachio
  4765 | D:5      | Killed Eustachio
  4766 | D:5      | Reached XP level 9. HP: 76/85 MP: 10/10
  4787 | D:6      | Killed Sigmund
  4787 | D:6      | Received a gift from Okawaru
  4788 | D:6      | Reached skill level 7 in Shields
  4904 | D:6      | Found a sacrificial altar of Ru.
  5353 | D:7      | Noticed Dowan
  5355 | D:7      | Noticed Duvessa
  5449 | D:7      | Killed Dowan
  5456 | D:7      | Slain by Duvessa

Illustrated notes

Levels and vault maps discovered:
D:1:      eino_arrival_water_star, layout_basic
D:2:      layout_basic, basic_altar
D:3:      layout_basic, mainiacjoe_overflow_boulevard,
          nicolae_ecumenical_oubliette, uniq_natasha
D:4:      layout_cave_pods, elyvilon_altar_5, minmay_temple_entry_crystal_x,
          serial_park, serial_park_tiny_1, serial_park_square3
          [serial_park_minivault_5x5_3], serial_park_gazebo
          [serial_park_minivault_5x5_2], serial_park_tiny_1, enter_ossuary_5,
          grunt_ministairs_14, minmay_misc_feat_tower
D:5:      layout_loops_ring, minmay_tree_intersection
D:6:      layout_gridville, mainiacjoe_overflow_alcove_1, uniq_sigmund,
          uniq_eustachio
D:7:      layout_layer_cave, makhleb_heckhound_becter, uniq_duvessa
Temple:   eino_wide_crystal_templ

Skill      XL: |  1  2  3  4  5  6  7  8  9 |
---------------+----------------------------+-----
Shields        | 3 4 5 6 7 |  7.3
Fighting       | 3 4 |  4.9
Dodging        | 3 4 |  4.9
Unarmed Combat | 3 4 5 |  5.6
Invocations    | 1 2 3 |  3.1
Throwing       | 1 2 |  2.3

Action                     |  1- 3 |  4- 6 |  7- 9 || total
---------------------------+-------+-------+-------++-------
  Melee: Unarmed           |    87 |   208 |   215 ||   510
  Throw: Stone             |     2 |    21 |    11 ||    34
         Boomerang         |       |       |    12 ||    12
         Javelin           |       |       |     2 ||     2
         Dart              |       |       |     1 ||     1
    Use: Potion            |       |     6 |     1 ||     7
         Scroll            |       |     1 |       ||     1
   Stab: Sleeping          |     1 |     1 |       ||     2
 Armour: Robe              |    23 |    33 |    29 ||    85
         Skin              |       |     9 |       ||     9
  Dodge: Dodged            |    30 |    61 |    68 ||   159
  Block: Kite shield       |    23 |    63 |    78 ||   164
